 Dungeon Crawl Stone Soup version 0.24.0-13-gcf9b319 (webtiles) character file.

Game seed: 15801238029577036597, levelgen mode: deterministic

12 Bronimir the Stinger (level 2, 0/22 HPs)
             Began as a Naga Venom Mage on Mar 18, 2020.
             Slain by a jackal (2 damage)
             ... on level 1 of the Dungeon.
             The game lasted 00:02:06 (371 turns).

Bronimir the Stinger (Naga Venom Mage)               Turns: 371, Time: 00:02:07

Health: 0/22       AC:  1    Str: 10    XL:     2   Next: 33%
Magic:  3/5        EV: 10    Int: 15    God:
Gold:   52         SH:  0    Dex: 11    Spells: 2/5 levels left

rFire    . . .     SeeInvis +   a - +0 dagger (vamp)
rCold    . . .     Gourm    .   (no shield)
rNeg     . . .     Faith    .   g - +0 robe
rPois    +         Spirit   .   (no helmet)
rElec    .         Reflect  .   (no cloak)
rCorr    .         Harm     .   (no gloves)
MR       .....                  (no barding)
Stlth    ++........             (no amulet)
HPRegen  0.07/turn              (no ring)
MPRegen  0.09/turn              (no ring)

@: short of breath, very slow
A: large, see invisible, deformed body, poison resistance, slowness 2, slow
metabolism 1, spit poison 1, AC +0
a: Spit Poison


You were on level 1 of the Dungeon.
You were not hungry.

You visited 1 branch of the dungeon, and saw 1 of its levels.

You collected 52 gold pieces.

Inventory:

Hand Weapons
 a - a +0 vampiric dagger (weapon)
 b - a +0 whip
Armour
 e - a +0 ring mail
 g - a +0 robe (worn)
Scrolls
 d - a scroll of identify {unknown}
Comestibles
 c - a ration
 f - 3 chunks of flesh


   Skills:
 * Level 0.1 Armour
 + Level 1.7 Dodging
 + Level 3.0 Stealth
 + Level 2.0 Spellcasting
 + Level 1.1 Conjurations
 * Level 4.7 Poison Magic


You had 2 spell levels left.
You knew the following spells:

 Your Spells              Type           Power        Failure   Level  Hunger
a - Sting                 Conj/Pois      ##..         7%          1    #......
b - Poisonous Vapours     Pois/Air       #.....       13%         2    ###....

Your spell library contained the following spells:

 Spells                   Type           Power        Failure   Level  Hunger
 Mephitic Cloud           Conj/Pois/Air  #.......     30%         3    ###....
 Olgreb's Toxic Radiance  Pois           ###.....     32%         4    #####..
 Venom Bolt               Conj/Pois      ##........   88%         5    ######.


Dungeon Overview and Level Annotations

Branches:
Dungeon (1/15)

Altars:


Innate Abilities, Weirdness & Mutations

You cannot wear boots.
Your serpentine skin is tough. (AC +0)
You have supernaturally acute eyesight. (SInv)
Armour fits poorly on your strangely shaped body.
Your system is resistant to poisons. (rPois)
You cover ground very slowly.
You have a slow metabolism.
You can spit poison.


Message History

The bat hits you.
* * * LOW HITPOINT WARNING * * *
Casting: Sting (safe; 7% risk of failure)
Confirm with . or Enter, or press ? or * to list all spells.
Aiming: Poisonous Vapours (safe; 13% risk of failure)
Press: ? - help, Dir - move target cursor, f - jackal, p - jackal
Aim: a jackal Poisonous vapours surround the jackal!
The leopard gecko hisses angrily.
The bat hits you.
* * * LOW HITPOINT WARNING * * *
The jackal is engulfed in poison gas.
The jackal is poisoned.
You kill the jackal!
The jackal bites you.
* * * LOW HITPOINT WARNING * * *
You closely miss the jackal.
The jackal is lightly wounded.
The bat hits you but does no damage. The jackal closely misses you.
The jackal barely misses you. The jackal bites you.
You die...

.. #. ##### #. #.
####8<8#### #. ..
#.........## #. #.
#8.........8# #.
#.###...........# #. #.
#.#.#8.b.......8#####.
#...#.#.##.........##....#
#..l..†@h...........##.#
#...###.#h#.#######...##.#
## #.....# ######.#
###.#.############.#
#.#..........^.÷..
#.##############.. ..# #..
### #######.. #........


You could see a leopard gecko, 2 jackals and a bat.

Vanquished Creatures
  A giant cockroach (D:1)
  3 goblins (D:1)
  A hobgoblin (D:1)
  2 jackals (D:1)
  2 bats (D:1)
  A frilled lizard (D:1)
  2 kobolds (D:1)
12 creatures vanquished.

Notes
Turn   | Place    | Note
-------+----------+-------------------------------------------
     0 | D:1      | Bronimir the Naga Venom Mage began the quest for the Orb.
     0 | D:1      | Reached XP level 1. HP: 15/15 MP: 3/3
   240 | D:1      | Reached XP level 2. HP: 22/22 MP: 1/5
   297 | D:1      | Learned a level 2 spell: Poisonous Vapours
   370 | D:1      | HP: 1/22 [jackal (1)]
   371 | D:1      | Slain by a jackal

Levels and vault maps discovered:
D:1:      mrwooster_arrival_statue_2, layout_loops_ring

Action                   || total
-------------------------++-------
Melee: Whip              ||     3
       Dagger            ||     8
 Cast: Sting             ||    13
       Poisonous Vapours ||     2
 Abil: Spit Poison       ||     7
Armor: Robe              ||     5
Dodge: Dodged            ||    16
